 Dungeon Crawl Stone Soup version 0.30.0-18-gc0e69614cb (webtiles) character file.

Game seed: 14124031445143877743

5549 Hakon the Twirler (level 10, 0/83 HPs)
             Began as a Hill Orc Gladiator on May 18, 2023.
             Was an Elder of Beogh.
             Slain by a howler monkey (5 damage)
             ... on level 10 of the Dungeon on May 24, 2023.
             The game lasted 00:22:33 (5666 turns).

Hakon the Twirler (Hill Orc Gladiator)              Turns: 5666, Time: 00:22:37

Health: 0/83       AC:  4    Str: 27    XL:     10   Next: 71%
Magic:  0/4        EV: 18    Int: 12    God:    Beogh [****..]
Gold:   242        SH:  0    Dex: 10    Spells: 10/14 levels left

rFire   + . .        C - +7 lajatang of Ascent {antimagic, rElec rN+}
rCold   . . .        (shield currently unavailable)
rNeg    + . .        i - +0 robe of the Fiddle {rF+ Regen+ Stlth+}
rPois   .            c - +0 helmet
rElec   +            (no cloak)
rCorr   .            d - +0 pair of gloves of Moriyhu {Str+3 Dex-2 Stlth+}
SInv    .            (no boots)
Will    .....        m - amulet of guardian spirit
Stlth   ++++         y - +6 ring of strength
HPRegen 1.13/turn    D - +5 ring of evasion
MPRegen 0.09/turn

%: guardian spirit
@: no status effects
A: no striking features
a: Renounce Religion, Smiting, Recall Orcish Followers


You were on level 10 of the Dungeon.
You worshipped Beogh.
Beogh was greatly pleased with you.
You visited 1 branch of the dungeon, and saw 9 of its levels.

You collected 452 gold pieces.
You spent 210 gold pieces at shops.

Inventory:

Hand Weapons
 a - a +1 quarterstaff of flaming
 C - the +7 lajatang of Ascent (weapon) {antimagic, rElec rN+}
   (You acquired it on level 7 of the Dungeon)

   rElec:     It insulates you from electricity.
   rN:        It protects you from negative energy.
Missiles
 o - 3 throwing nets (quivered)
 I - 4 poisoned darts
Armour
 c - a +0 helmet (worn)
 d - the +0 pair of gloves of Moriyhu (worn) {Str+3 Dex-2 Stlth+}
   (You acquired it on level 7 of the Dungeon)

   Str:       It affects your strength (+3).
   Dex:       It affects your dexterity (-2).
   Stlth:     It makes you more stealthy.
 i - the +0 robe of the Fiddle (worn) {rF+ Regen+ Stlth+}
   (You found it on level 2 of the Dungeon)

   rF:        It protects you from fire.
   Regen:     It increases your rate of health regeneration.
   Stlth:     It makes you more stealthy.
Jewellery
 m - an amulet of guardian spirit (around neck)
 x - a ring of protection from fire
 y - a +6 ring of strength (left hand)
 D - a +5 ring of evasion (right hand)
Wands
 B - a wand of paralysis (17)
 E - a wand of roots (10)
Scrolls
 f - 4 scrolls of teleportation
 g - 2 scrolls of silence
 l - 5 scrolls of fog
 n - 2 scrolls of magic mapping
 p - a scroll of amnesia
 r - 2 scrolls of noise
 u - a scroll of fear {unknown}
 z - a scroll of torment
 H - a scroll of vulnerability {unknown}
Potions
 b - 4 potions of haste {unknown}
 h - 2 potions of lignification {unknown}
 j - 3 potions of invisibility {unknown}
 k - 3 potions of flight {unknown}
 q - a potion of berserk rage {unknown}
 s - a potion of experience {unknown}
 t - 5 potions of heal wounds
 v - a potion of might
 w - 2 potions of degeneration {unknown}
 A - 2 potions of mutation {unknown}
 F - a potion of brilliance {unknown}
 G - a potion of cancellation {unknown}
 J - a potion of ambrosia {unknown}


   Skills:
 * Level 6.0 Fighting
 * Level 4.2(7.0) Polearms
 * Level 7.3(7.7) Staves
 * Level 3.9 Throwing
 * Level 4.3 Armour
 * Level 4.4 Dodging
 * Level 3.9 Stealth
 * Level 2.7 Spellcasting
 * Level 1.1 Conjurations
 * Level 1.0 Necromancy
 * Level 2.4 Transmutations
 * Level 3.3 Fire Magic
 * Level 2.8 Poison Magic
 * Level 4.5 Invocations
 * Level 2.4 Evocations


You had 10 spell levels left.
You knew the following spells:

 Your Spells              Type           Power      Damage    Failure   Level
a - Ignite Poison         Fire/Tmut/Pois 8%         N/A       24%         3
b - Kiss of Death         Conj/Necr      16%        2d6       16%         1

Your spell library contained the following spells:

 Spells                   Type           Power      Damage    Failure   Level
 Summon Small Mammal      Summ           4%         N/A       26%         1
 Call Canine Familiar     Summ           1%         N/A       58%         3
 Portal Projectile        Hex/Tloc       2%         N/A       58%         3
 Summon Guardian Golem    Hex/Summ       1%         N/A       58%         3
 Sticky Flame             Conj/Fire      6%         2d3       71%         4
 Leda's Liquefaction      Hex/Erth       0%         N/A       94%         4
 Ignition                 Fire           4%         3d4       100%        8


Dungeon Overview and Level Annotations

Branches:
Dungeon (10/15)
 Temple: D:4-7         Lair: D:8-11         Orc: D:9-12

Altars:
Vehumet
Beogh

Shops:
D:1 [   D:4 =   D:6 !!:(   D:8 :

Annotations:
D:9 3 transporters
D:10 Urug


Message History

Your orc knight burns the howler monkey.
Your orc knight completely misses the howler monkey.
Your orc knight hits Urug with a +2 war axe of flaming!
Your orc knight burns Urug.
The howler monkey hoots and howls with incredible vigour!
Urug hits your orc knight with a +5 battleaxe!!
The howler monkey hoots and howls with incredible vigour!
Unknown command.
Unknown command.
Unknown command.
Unknown command.
Unknown command.
You swap places.
Your orc warrior no longer looks unusually strong.
Your orc knight mutters, "It's always Elves, Elves, Elves."
Your orc knight roars a battlecry!
Your orc warrior goes into a battle-frenzy!
The howler monkey hits you.
The howler monkey completely misses you.
Urug hits you with a +5 battleaxe!!
You barely miss Urug.
Urug is severely wounded.
The howler monkey misses you.
The howler monkey completely misses you.
Urug closely misses you.
Unknown command.
You slash Urug!
Urug is severely wounded.
The howler monkey hits you.
The howler monkey completely misses you.
Urug completely misses you.
Unknown command.
Okay, then.
You hit Urug.
Urug is almost dead.
The howler monkey misses you. The howler monkey barely misses you.
Urug hits you with a +5 battleaxe!!
* * * LOW HITPOINT WARNING * * *
The howler monkey hits you.
You die...

# ##### ##.###
#...###.#
......##.......
#....h#o..##
#....h@o)..##
#....o#o>...#
(..(..###...##
.##### ##.##
#.# #.# ##'##
##...##
##.....##


You could see Urug (ally target), 2 howler monkeys, a friendly orc knight, a
friendly orc warrior (strong) and a friendly orc wizard (strong, invisible).

Vanquished Creatures
  2 two-headed ogres
  Prince Ribbit (D:8)
  A shadow (D:9)
  4 yaks
  A steam dragon (D:6)
  A water moccasin (D:7)
  2 orc warriors
  2 ice beasts (D:6)
  A black bear (D:6)
  A sky beast (D:6)
  2 ogres (D:7)
  3 centaurs
  6 bullfrogs
  A scorpion (D:6)
  3 wights (D:7)
  4 killer bees (D:9)
  2 howler monkeys (D:9)
  A jelly (D:8)
  4 hounds
  2 gnoll boudas
  An orc priest (D:6)
  An iguana (D:6)
  2 orc wizards
  A sleepcap (D:6)
  8 gnolls
  5 adders
  2 worms
  2 dart slugs
  7 orcs
  6 ball pythons
  3 bats
  7 endoplasms
  A giant cockroach (D:2)
  6 goblins
  6 hobgoblins
  7 jackals (D:1)
  9 kobolds
  4 quokkas
  4 frilled lizards
  7 rats
133 creatures vanquished.

Vanquished Creatures (collateral kills)
  Harold (D:9)
  A wyvern (D:7)
  A water moccasin (D:7)
  A kobold brigand (D:8)
  7 killer bees (D:9)
  2 howler monkeys (D:9)
  A gnoll bouda (D:8)
  An orc priest (D:9)
  A hound (D:7)
  An orc wizard (D:8)
  3 gnolls (D:8)
  A white imp (D:8)
  2 orcs (D:8)
23 creatures vanquished.

Vanquished Creatures (others)
  An orc priest (D:9)
  9 orcs
10 creatures vanquished.

Grand Total: 166 creatures vanquished

Notes
Turn   | Place    | Note
-------+----------+-------------------------------------------
     0 | D:1      | Hakon the Hill Orc Gladiator began the quest for the Orb.
     0 | D:1      | Reached XP level 1. HP: 18/18 MP: 1/1
   134 | D:1      | Reached XP level 2. HP: 21/25 MP: 2/2
   194 | D:1      | Reached skill level 3 in Staves
   235 | D:1      | Reached XP level 3. HP: 21/30 MP: 3/3
   306 | D:2      | Found a faded altar of an unknown god.
   315 | D:2      | Identified the +0 robe of the Fiddle {rF+ Regen+ Stlth+}
   338 | D:2      | Prayed at the altar of an unknown god.
   338 | D:2      | Became a worshipper of Beogh the Brigand
   338 | D:2      | Reached * piety under Beogh
   513 | D:2      | Reached skill level 1 in Armour
   899 | D:2      | Reached XP level 4. HP: 37/37 MP: 4/4
  1040 | D:1      | Reached skill level 1 in Stealth
  1445 | D:1      | Found Velibb's Armour Emporium.
  1559 | D:1      | Upgraded the game from 0.30.0-15-g856e2d3f33 to
                  | 0.30.0-18-gc0e69614cb
  1688 | D:3      | Reached ** piety under Beogh
  2089 | D:4      | Found Ohuegg's Jewellery Shoppe.
  2233 | D:4      | Reached skill level 1 in Invocations
  2255 | D:4      | Reached XP level 5. HP: 42/42 MP: 5/5
  2331 | D:4      | Learned a level 3 spell: Ignite Poison
  2343 | D:4      | HP: 1/42 [endoplasm (3)]
  2471 | D:4      | Reached skill level 1 in Polearms
  2754 | D:4      | You fall into a shaft and drop 2 floors!
  2758 | D:6      | Noticed an ice beast
  2781 | D:6      | Killed an ice beast
  2782 | D:6      | Reached skill level 4 in Staves
  2782 | D:6      | Reached XP level 6. HP: 50/50 MP: 7/7
  2790 | D:6      | Noticed a yak
  2792 | D:6      | Noticed a yak
  2798 | D:6      | Noticed a yak
  2799 | D:6      | Noticed a yak
  2839 | D:6      | Noticed an ice beast
  2853 | D:6      | Killed an ice beast
  2854 | D:6      | Reached skill level 1 in Spellcasting
  2860 | D:6      | HP: 2/51 [yak (10)]
  2900 | D:6      | Reached skill level 1 in Fire Magic
  2900 | D:6      | Reached XP level 7. HP: 22/57 MP: 1/8
  2906 | D:6      | Reached skill level 1 in Poison Magic
  3008 | D:6      | Found Fisucoh's Book Emporium.
  3069 | D:6      | Reached skill level 1 in Transmutations
  3082 | D:6      | Found Tuduyr's Distillery.
  3085 | D:6      | Bought a potion of heal wounds for 55 gold pieces
  3085 | D:6      | Bought a potion of heal wounds for 55 gold pieces
  3085 | D:6      | Bought a potion of might for 44 gold pieces
  3114 | D:6      | Found Wycvekofon's Distillery.
  3122 | D:6      | Noticed a steam dragon
  3134 | D:6      | Killed a steam dragon
  3135 | D:6      | Reached XP level 8. HP: 64/66 MP: 6/10
  3224 | D:6      | Reached skill level 5 in Staves
  3499 | D:6      | Found Afopirah's Antique Weapon Shop.
  3616 | D:6      | Killed a yak
  3621 | D:6      | Killed a yak
  3628 | D:6      | Killed a yak
  3795 | D:7      | Reached XP level 9. HP: 40/72 MP: 4/11
  3883 | D:7      | Noticed a two-headed ogre
  3900 | D:7      | Killed a two-headed ogre
  3900 | D:7      | Reached *** piety under Beogh
  3901 | D:7      | Reached skill level 5 in Fighting
  3901 | D:7      | Reached skill level 6 in Staves
  3901 | D:7      | Reached skill level 1 in Evocations
  4135 | D:7      | Identified a scroll of acquirement
  4137 | D:7      | Acquired the +0 pair of gloves of Moriyhu {Str+3 Dex-2
                  | Stlth+}
  4221 | D:7      | Found a radiant altar of Vehumet.
  4281 | D:7      | Acquired the +7 lajatang of Ascent {antimagic, rElec rN+}
  4574 | D:8      | Found Fizampar's Tiny Tomes.
  4583 | D:8      | Reached XP level 10. HP: 78/81 MP: 4/13
  4632 | D:8      | Noticed Prince Ribbit
  4640 | D:8      | Killed Prince Ribbit
  4662 | D:8      | Bought the Compilation of Malignant Liturgies for 56 gold
                  | pieces
  4664 | D:8      | Learned a level 1 spell: Kiss of Death
  5272 | D:9      | Reached **** piety under Beogh
  5301 | D:9      | Reached skill level 7 in Staves
  5388 | D:9      | Found a transporter.
  5402 | D:9      | Noticed Harold
  5411 | D:9      | Killed Harold
  5434 | D:9      | Found a transporter.
  5447 | D:9      | Found a transporter.
  5478 | D:9      | Found a transporter.
  5521 | D:9      | Identified the +0 ring mail of Beogh's Pride {rCorr}
  5624 | D:10     | Entered Level 10 of the Dungeon
  5647 | D:10     | Noticed Urug
  5650 | D:10     | Noticed a two-headed ogre
  5658 | D:10     | Killed a two-headed ogre
  5659 | D:10     | Reached skill level 1 in Conjurations
  5659 | D:10     | Reached skill level 1 in Necromancy
  5666 | D:10     | Slain by a howler monkey

Illustrated notes

Levels and vault maps discovered:
D:1:      arrival_zaba_pyramid, layout_loops_ring, serial_shops,
          nicolae_shop_peninsula
D:2:      layout_rooms, ebering_ecumenical_altar_webs,
          minmay_misc_feat_ornament, chequers_serial_rivers_small_b,
          minmay_ruptured
D:3:      layout_basic
D:4:      layout_rooms, serial_shops, nicolae_shop_waterfront
D:6:      layout_basic, serial_shops, nicolae_lakefront_shop, shop,
          nicolae_diamond_shop, nicolae_shop_tiny_real_fake_doors
D:7:      layout_loops_ring, amcnicky_altar_gilded
D:8:      layout_gridville, dk_xom_monty_hall,
          nicolae_concentric_dashed_squares_wild,
          nicolae_shop_i_like_small_books_too, kennysheep_generic_room_2,
          uniq_prince_ribbit1
D:9:      layout_rooms, grunt_decor_one_mirror,
          nicolae_transporter_intersection, uniq_harold
D:10:     layout_loops_corners, david_lair_shrubbed, erik_orc_1,
          serial_aquarium, aquarium_bridge_straight [aquarium_subvault_bridge,
          aquarium_subvault_wall, aquarium_subvault_bridge,
          aquarium_subvault_window], aquarium_window_3, aquarium_window_corner,
          aquarium_window_1, aquarium_window_1, aquarium_view_2c,
          aquarium_balcony_1b, minivault_8, uniq_urug

Skill      XL: |  1  2  3  4  5  6  7  8  9 10 |
---------------+-------------------------------+-----
Staves         | 3 4 5 6 7 |  7.3
Throwing       | 2 3 |  3.9
Armour         | 1 2 3 4 |  4.3
Stealth        | 1 2 3 |  3.9
Invocations    | 1 2 3 4 |  4.5
Polearms       | 1 2 3 4 |  4.2
Fighting       | 3 4 5 6 |  6.0
Spellcasting   | 1 2 |  2.7
Fire Magic     | 1 2 3 |  3.3
Dodging        | 3 4 |  4.4
Poison Magic   | 1 2 |  2.8
Transmutations | 1 2 |  2.4
Evocations     | 1 2 |  2.4
Conjurations   | 1 |  1.1
Necromancy     | 1 |  1.0

Action                     |  1- 3 |  4- 6 |  7- 9 | 10-12 || total
---------------------------+-------+-------+-------+-------++-------
  Melee: Quarterstaff      |    94 |   122 |   146 |       ||   362
         Lajatang          |       |       |     5 |    52 ||    57
  Throw: Javelin           |       |     8 |     2 |     3 ||    13
         Throwing net      |       |     1 |     2 |       ||     3
 Invoke: Smiting           |       |       |     1 |       ||     1
  Evoke: Wand              |       |       |       |     4 ||     4
    Use: Scroll            |     4 |     9 |     5 |       ||    18
         Potion            |       |     2 |       |     1 ||     3
   Stab: Sleeping          |     3 |     7 |     7 |     1 ||    18
         Held in net/web   |       |     1 |     1 |       ||     2
         Invisible         |       |       |     1 |     1 ||     2
 Armour: Leather armour    |    11 |       |       |       ||    11
         Robe              |     4 |    17 |    12 |    12 ||    45
  Dodge: Dodged            |    57 |    83 |   122 |    94 ||   356
